Remparts vs Gangsters
(R1)
Created - 13 novembre 2016 at 20:44
Goals
|
| Remparts |
0 |
2 |
2 |
4 |
| Gangsters |
0 |
1 |
1 |
2 |
|
Shots
|
| Remparts |
7 |
9 |
12 |
28 |
| Gangsters |
12 |
8 |
18 |
38 |
|
1st period
No Goal
Penalties :
Ty Wishart (Que) for Hooking (Minor) at 2:29, Artem Anisimov (Bro) for Tripping (Minor) at 7:48
2nd period
1. Remparts , Pasi Salonen 2 (Guillaume Desbiens, Ty Wishart) at 14:02
2. Gangsters , Maxime Sauvé 7 (Dave Dziurzynski, Devante Smith-Pelly) at 15:04
3. Remparts , Guillaume Desbiens 7 (Pasi Salonen) at 15:35
Penalties :
Pasi Salonen (Que) for Hooking (Minor) at 3:07, Dave Dziurzynski (Bro) for Hooking (Minor) at 19:26
3rd period
4. Remparts , Jonathan Matsumoto 8 (Petr Straka) at 4:03
5. Gangsters , Artem Anisimov 3 (Nick Foligno, Colten Teubert) at 4:21
6. Remparts , Daniel Paille 8 (Jonathan Matsumoto, Keith Ballard) at 10:15 (PP)
Penalties :
Colten Teubert (Bro) for Hooking (Minor) at 4:44, Artem Anisimov (Bro) for Hooking (Minor) at 10:05
Goalie Stats
Keith Kinkaid (Que), 36 saves from 38 shots - (0,947), W, 5-0-2, 60:00 minutes
Mike Condon (Bro), 24 saves from 28 shots - (0,857), L, 4-4-0, 60:00 minutes
Players Stats for Remparts
Player Name G A P +/- PIM S H SB GA TA FO MP PP MP PK MP
------------------------------------------------------------------------------------
Brandon Gormley 0 0 0 1 0 0 0 4 0 1 0/0 25:52 4:11 0:44
Cédric Lalonde-McNicoll 0 0 0 1 0 2 1 1 0 1 6/13 19:17 2:52 2:13
Dale Weise 0 0 0 0 0 0 1 1 0 0 0/1 7:21 0:00 0:00
Daniel Paille 1 0 1 0 0 2 3 0 0 0 1/1 23:23 3:15 2:22
Guillaume Desbiens 1 1 2 1 0 4 5 1 1 0 0/1 16:58 2:52 0:00
Ivan Vishnevski 0 0 0 -1 0 0 0 0 0 0 0/0 11:51 0:00 0:00
Janne Niskala 0 0 0 -1 0 0 0 0 0 0 0/0 14:34 0:00 2:20
Jarod Palmer 0 0 0 0 0 0 0 0 0 0 0/1 7:21 0:00 0:00
Johannes Salmonsson 0 0 0 0 0 0 0 0 0 0 0/0 8:58 0:00 1:33
Jonathan Cheechoo 0 0 0 0 0 2 0 0 0 0 0/0 11:24 0:00 0:31
Jonathan Matsumoto 1 1 2 0 0 6 0 0 1 0 13/33 20:37 3:15 0:00
Keith Ballard 0 1 1 1 0 1 1 3 1 1 0/0 27:31 4:11 2:17
Max Reinhart 0 0 0 0 0 0 0 0 0 0 4/9 12:03 0:00 1:17
Pasi Salonen 1 1 2 1 2 4 3 0 0 0 1/1 17:02 2:52 0:00
Petr Straka 0 1 1 0 0 0 0 0 0 1 0/3 20:54 3:15 0:00
Rico Fata 0 0 0 0 0 4 0 0 0 1 0/0 10:39 0:00 0:00
Ty Wishart 0 1 1 1 2 2 2 0 0 1 0/0 19:37 1:56 0:54
William Colbert 0 0 0 1 0 1 1 3 0 0 0/0 20:38 1:56 1:41
Players Stats for Gangsters
Player Name G A P +/- PIM S H SB GA TA FO MP PP MP PK MP
------------------------------------------------------------------------------------
Artem Anisimov 1 0 1 1 4 5 2 0 1 1 21/33 22:03 2:16 2:17
Austen Brassard 0 0 0 0 0 1 0 0 0 0 0/0 7:10 0:00 0:00
Ben Holmstrom 0 0 0 0 0 4 1 0 0 0 3/5 11:02 0:00 0:00
Brett Ponich 0 0 0 -1 0 0 0 1 0 0 0/0 5:55 0:00 0:15
Colten Teubert 0 1 1 0 2 2 2 2 1 0 0/0 19:08 2:21 2:41
Curtis McKenzie 0 0 0 0 0 1 1 0 0 0 0/3 13:24 0:00 2:08
Dave Dziurzynski 0 1 1 -2 2 2 2 1 2 0 0/0 16:13 1:42 0:45
Devante Smith-Pelly 0 1 1 -2 0 2 1 1 1 0 0/1 15:21 1:42 0:00
Dougie Hamilton 0 0 0 1 0 0 0 0 0 0 0/0 11:34 0:00 0:34
Jonas Brodin 0 0 0 0 0 0 0 0 0 0 0/0 5:24 0:00 0:00
Matt Delahey 0 0 0 -1 0 2 0 0 0 1 0/0 17:44 1:37 1:52
Maxime Sauvé 1 0 1 -2 0 2 1 1 0 0 9/14 17:57 1:42 2:04
Michael Sdao 0 0 0 -1 0 1 3 0 0 0 0/0 17:44 1:37 1:52
Mikko Lehtonen 0 0 0 0 0 0 0 0 0 0 0/0 0:00 0:00 0:00
Morgan Ellis 0 0 0 -1 0 0 0 0 0 0 0/0 5:15 0:00 0:00
Nick Foligno 0 1 1 1 0 6 0 1 1 0 1/1 23:10 2:16 3:40
Patrik Nemeth 0 0 0 1 0 0 0 1 0 0 0/0 11:35 0:00 1:00
Phil McRae 0 0 0 0 0 3 0 0 0 0 4/4 8:14 0:00 0:38
Phillip Danault 0 0 0 0 0 3 1 0 0 0 0/0 8:16 0:00 0:42
Richard Panik 0 0 0 1 0 2 1 2 0 1 0/2 19:48 2:16 0:00
Shaun Heska 0 0 0 0 0 2 0 2 0 0 0/0 25:46 2:21 4:00
Stefan Noesen 0 0 0 0 0 0 0 1 0 0 0/0 11:06 0:00 0:00
3 Stars
1 - Guillaume Desbiens (Que)
2 - Pasi Salonen (Que)
3 - Jonathan Matsumoto (Que)
Power Play
Remparts - 1 on 4 Attempt(s) - 25,00%
Gangsters - 0 on 2 Attempt(s) - 0,00%
Penalty Kill
Remparts - 2 on 2 Attempt(s) - 100,00%
- Score 0 goal in Penalty Kill
Gangsters - 3 on 4 Attempt(s) - 75,00%
- Score 0 goal in Penalty Kill
Team Stat
Remparts - Hits : 17 - Faceoff Wins : 25 - Blocked Shots : 13 - Penalty Minutes : 4
Gangsters - Hits : 15 - Faceoff Wins : 38 - Blocked Shots : 13 - Penalty Minutes : 8
Official
Referees : Kowal Tom and Marouelli Dan
Linesman : Derek Amell and Don Henderson
Game Notes
Colten Teubert is injured at 8:25 of 3rd period (Right Forearm)
Finance
Level 1 -- Attendance: 1553 (77,65%) -- Ticket Income 54 355 $
Level 2 -- Attendance: 710 (71,00%) -- Ticket Income 10 650 $
Total Attendance: 2263 (75,43%)
Total Ticket Income: 65 005 $
Other Income: 3 250 $
Total Income: 68 255 $
Remparts
5 vs 5 Forward
Center Left Wing Right Wing Time % Phy DF OF
1 Jonathan Matsumoto Daniel Paille Petr Straka 40 0 2 3
2 Cédric Lalonde-McNicoll Pasi Salonen Guillaume Desbiens 30 0 2 3
3 Max Reinhart Rico Fata Jonathan Cheechoo 20 0 3 2
4 Jarod Palmer Johannes Salmonsson Dale Weise 10 1 2 2
5 vs 5 Defense
Defense Defense Time % Phy DF OF
1 Keith Ballard Brandon Gormley 40 0 2 3
2 William Colbert Ty Wishart 30 1 2 2
3 Ivan Vishnevski Janne Niskala 20 1 2 2
4 Keith Ballard Brandon Gormley 10 0 2 3
PowerPlay Forward
Center Left Wing Right Wing Time % Phy DF OF
1 Jonathan Matsumoto Daniel Paille Petr Straka 60 0 1 4
2 Cédric Lalonde-McNicoll Pasi Salonen Guillaume Desbiens 40 0 1 4
PowerPlay Defense
Defense Defense Time % Phy DF OF
1 Keith Ballard Brandon Gormley 60 0 2 3
2 William Colbert Ty Wishart 40 0 2 3
Penalty Kill 4 Players Forward
Center Wing Time % Phy DF OF
1 Cédric Lalonde-McNicoll Daniel Paille 60 1 4 0
2 Max Reinhart Johannes Salmonsson 40 1 4 0
Penalty Kill 4 Players Defense
Defense Defense Time % Phy DF OF
1 Keith Ballard Janne Niskala 60 1 4 0
2 Ty Wishart William Colbert 40 1 4 0
Penalty Kill - 3 Players Forward
Forward Time % Phy DF OF
1 Daniel Paille 60 1 4 0
2 Max Reinhart 40 1 4 0
Penalty Kill - 3 Players Defense
Defense Defense Time % Phy DF OF
1 Keith Ballard Janne Niskala 60 1 4 0
2 Ty Wishart William Colbert 40 1 4 0
4 vs 4 Forward
Center Wing Time % Phy DF OF
1 Jonathan Matsumoto Daniel Paille 60 0 2 3
2 Cédric Lalonde-McNicoll Guillaume Desbiens 40 1 2 2
4 vs 4 Defense
Defense Defense Time % Phy DF OF
1 Keith Ballard Brandon Gormley 60 0 2 3
2 Janne Niskala Ty Wishart 40 1 2 2
Last Minutes Offensive
Center Left Wing Right Wing Defense Defense
Jonathan Matsumoto Daniel Paille Petr Straka Keith Ballard Brandon Gormley
Last Minutes Defensive
Center Left Wing Right Wing Defense Defense
Cédric Lalonde-McNicoll Daniel Paille Guillaume Desbiens Keith Ballard Janne Niskala
Goaltenders
Starting : Keith Kinkaid
Backup : Petr Mrazek
Extra Forwards
Normal : Pasi Salonen, Daniel Paille, Petr Straka - PP : Petr Straka, Daniel Paille - PK : Jonathan Cheechoo
Extra Defensemen
Normal : William Colbert, Brandon Gormley, Ty Wishart - PP : Ty Wishart - PK : Brandon Gormley, Ty Wishart
Penalty Shots
Pasi Salonen, Jonathan Matsumoto, Jonathan Cheechoo, Rico Fata, Jarod Palmer
Gangsters
5 vs 5 Forward
Center Left Wing Right Wing Time % Phy DF OF
1 Artem Anisimov Nick Foligno Richard Panik 40 1 2 2
2 Maxime Sauvé Dave Dziurzynski Devante Smith-Pelly 30 1 2 2
3 Ben Holmstrom Curtis McKenzie Stefan Noesen 20 1 2 2
4 Phil McRae Phillip Danault Austen Brassard 10 1 2 2
5 vs 5 Defense
Defense Defense Time % Phy DF OF
1 Colten Teubert Shaun Heska 40 1 2 2
2 Matt Delahey Michael Sdao 30 1 2 2
3 Patrik Nemeth Dougie Hamilton 20 1 2 2
4 Brett Ponich Morgan Ellis 10 1 2 2
PowerPlay Forward
Center Left Wing Right Wing Time % Phy DF OF
1 Artem Anisimov Nick Foligno Richard Panik 60 1 2 2
2 Maxime Sauvé Dave Dziurzynski Devante Smith-Pelly 40 1 2 2
PowerPlay Defense
Defense Defense Time % Phy DF OF
1 Colten Teubert Shaun Heska 60 1 2 2
2 Matt Delahey Michael Sdao 40 1 2 2
Penalty Kill 4 Players Forward
Center Wing Time % Phy DF OF
1 Artem Anisimov Nick Foligno 60 1 2 2
2 Maxime Sauvé Dave Dziurzynski 40 1 2 2
Penalty Kill 4 Players Defense
Defense Defense Time % Phy DF OF
1 Colten Teubert Shaun Heska 60 1 2 2
2 Matt Delahey Michael Sdao 40 1 2 2
Penalty Kill - 3 Players Forward
Forward Time % Phy DF OF
1 Artem Anisimov 60 1 2 2
2 Nick Foligno 40 1 2 2
Penalty Kill - 3 Players Defense
Defense Defense Time % Phy DF OF
1 Colten Teubert Shaun Heska 60 1 2 2
2 Matt Delahey Michael Sdao 40 1 2 2
4 vs 4 Forward
Center Wing Time % Phy DF OF
1 Artem Anisimov Nick Foligno 60 1 2 2
2 Maxime Sauvé Dave Dziurzynski 40 1 2 2
4 vs 4 Defense
Defense Defense Time % Phy DF OF
1 Colten Teubert Shaun Heska 60 1 2 2
2 Matt Delahey Michael Sdao 40 1 2 2
Last Minutes Offensive
Center Left Wing Right Wing Defense Defense
Artem Anisimov Nick Foligno Richard Panik Colten Teubert Shaun Heska
Last Minutes Defensive
Center Left Wing Right Wing Defense Defense
Artem Anisimov Nick Foligno Richard Panik Colten Teubert Shaun Heska
Goaltenders
Starting : Mike Condon
Backup : Dustin Tokarski
Extra Forwards
Normal : Ben Holmstrom, Phil McRae, Curtis McKenzie - PP : Ben Holmstrom, Phil McRae - PK : Curtis McKenzie
Extra Defensemen
Normal : Jonas Brodin, Patrik Nemeth, Dougie Hamilton - PP : Jonas Brodin - PK : Patrik Nemeth, Dougie Hamilton
Penalty Shots
Artem Anisimov, Nick Foligno, Maxime Sauvé, Dave Dziurzynski, Ben Holmstrom
% Time on Ice - Remparts
Lines # - Real PCT - Wanted PCT - Time Play
Normal Forward
1 - 35% - 40% - 17:28
2 - 29% - 30% - 14:27
3 - 21% - 20% - 10:39
4 - 15% - 10% - 7:21
Normal Defense
1 - 38% - 40% - 19:07
2 - 34% - 30% - 17:01
3 - 24% - 20% - 11:51
4 - 4% - 10% - 1:56
PP Forward
1 - 53% - 60% - 3:15
2 - 47% - 40% - 2:52
PP Defense
1 - 68% - 60% - 4:11
2 - 32% - 40% - 1:56
PK Forward
1 - 69% - 60% - 2:44
2 - 31% - 40% - 1:14
PK Defense
1 - 58% - 60% - 2:17
2 - 42% - 40% - 1:41
PK3 Forward
1 - 0% - 60%
2 - 0% - 40%
PK3 Defense
1 - 0% - 60%
2 - 0% - 40%
44 Forward
1 - 0% - 60%
2 - 0% - 40%
44 Defense
1 - 0% - 60%
2 - 0% - 40%
Last Minute Offensive - 0:00
Last Minute Defensive - 0:00
Total
Forward - 60:00
Defense - 60:00
|
% Time on Ice - Gangsters
Lines # - Real PCT - Wanted PCT - Time Play
Normal Forward
1 - 37% - 40% - 18:22
2 - 28% - 30% - 13:47
3 - 21% - 20% - 10:36
4 - 14% - 10% - 7:10
Normal Defense
1 - 40% - 40% - 19:50
2 - 29% - 30% - 14:15
3 - 21% - 20% - 10:35
4 - 11% - 10% - 5:15
PP Forward
1 - 57% - 60% - 2:16
2 - 43% - 40% - 1:42
PP Defense
1 - 59% - 60% - 2:21
2 - 41% - 40% - 1:37
PK Forward
1 - 78% - 60% - 4:47
2 - 22% - 40% - 1:20
PK Defense
1 - 69% - 60% - 4:15
2 - 31% - 40% - 1:52
PK3 Forward
1 - 0% - 60%
2 - 0% - 40%
PK3 Defense
1 - 0% - 60%
2 - 0% - 40%
44 Forward
1 - 0% - 60%
2 - 0% - 40%
44 Defense
1 - 0% - 60%
2 - 0% - 40%
Last Minute Offensive - 0:00
Last Minute Defensive - 0:00
Total
Forward - 60:00
Defense - 60:00
|
Play by Play
1st period
0:01 of 1st period - Artem Anisimov wins face-off versus Jonathan Matsumoto in neutral zone.
0:25 of 1st period - Cédric Lalonde-McNicoll is hit by Colten Teubert and loses puck.
0:46 of 1st period - Max Reinhart is hit by Colten Teubert.
1:31 of 1st period - Icing by Michael Sdao.
1:32 of 1st period - Artem Anisimov wins face-off versus Jonathan Matsumoto in Gangsters zone.
1:47 of 1st period - Wrist shot by Nick Foligno.
1:47 of 1st period - Shot Misses the Net.
2:01 of 1st period - Wrist shot by Artem Anisimov.
2:01 of 1st period - Shot Blocked by Keith Ballard.
2:03 of 1st period - Snap shot by Nick Foligno.
2:03 of 1st period - Stopped by Keith Kinkaid with a rebound.
2:07 of 1st period - Slapshot by Artem Anisimov.
2:07 of 1st period - Stopped by Keith Kinkaid without a rebound.
2:08 of 1st period - Cédric Lalonde-McNicoll wins face-off versus Devante Smith-Pelly in Remparts zone.
2:15 of 1st period - Snap shot by Maxime Sauvé.
2:15 of 1st period - Stopped by Keith Kinkaid with a rebound.
2:29 of 1st period - Minor Penalty to Ty Wishart for Hooking.
2:30 of 1st period - Artem Anisimov wins face-off versus Cédric Lalonde-McNicoll in Remparts zone.
2:31 of 1st period - Wrist shot by Richard Panik.
2:31 of 1st period - Shot Blocked by Keith Ballard.
3:02 of 1st period - Wrist shot by Devante Smith-Pelly.
3:02 of 1st period - Stopped by Keith Kinkaid without a rebound.
3:03 of 1st period - Cédric Lalonde-McNicoll wins face-off versus Artem Anisimov in Remparts zone.
4:29 of 1st period - Penalty to Ty Wishart is over, Ty Wishart is back on ice.
4:45 of 1st period - Icing by Stefan Noesen.
4:46 of 1st period - Max Reinhart wins face-off versus Ben Holmstrom in Gangsters zone.
4:55 of 1st period - Snap shot by Rico Fata.
4:55 of 1st period - Shot Misses the Net.
4:57 of 1st period - Snap shot by Max Reinhart.
4:57 of 1st period - Shot Misses the Net.
6:07 of 1st period - Snap shot by Ben Holmstrom.
6:07 of 1st period - Shot Blocked by Brandon Gormley.
6:15 of 1st period - Slapshot by Ben Holmstrom.
6:15 of 1st period - Shot Blocked by Brandon Gormley.
6:29 of 1st period - Snap shot by Maxime Sauvé.
6:29 of 1st period - Shot Misses the Net.
7:09 of 1st period - Snap shot by Colten Teubert.
7:09 of 1st period - Stopped by Keith Kinkaid without a rebound.
7:10 of 1st period - Jonathan Matsumoto wins face-off versus Artem Anisimov in Remparts zone.
7:48 of 1st period - Minor Penalty to Artem Anisimov for Tripping.
7:49 of 1st period - Pasi Salonen wins face-off versus Curtis McKenzie in Gangsters zone.
7:59 of 1st period - Wrist shot by Guillaume Desbiens.
7:59 of 1st period - Stopped by Mike Condon without a rebound.
8:00 of 1st period - Daniel Paille wins face-off versus Curtis McKenzie in Gangsters zone.
9:44 of 1st period - Nick Foligno is hit by William Colbert.
9:48 of 1st period - Penalty to Artem Anisimov is over, Artem Anisimov is back on ice.
10:04 of 1st period - Curtis McKenzie is hit by Dale Weise and loses puck.
10:25 of 1st period - Janne Niskala is hit by Artem Anisimov and loses puck.
11:13 of 1st period - Icing by Keith Ballard.
11:14 of 1st period - Maxime Sauvé wins face-off versus Cédric Lalonde-McNicoll in Remparts zone.
11:25 of 1st period - Slapshot by Nick Foligno.
11:25 of 1st period - Stopped by Keith Kinkaid with a rebound.
11:29 of 1st period - Snap shot by Artem Anisimov.
11:29 of 1st period - Stopped by Keith Kinkaid with a rebound.
12:12 of 1st period - Snap shot by Jarod Palmer.
12:12 of 1st period - Deflect By Johannes Salmonsson.
12:12 of 1st period - Shot Blocked by Brett Ponich.
12:12 of 1st period - Puck is out of play.
12:13 of 1st period - Jonathan Matsumoto wins face-off versus Richard Panik in Gangsters zone.
12:43 of 1st period - Wrist shot by Guillaume Desbiens.
12:43 of 1st period - Shot Misses the Net.
13:11 of 1st period - Slapshot by Ty Wishart.
13:11 of 1st period - Stopped by Mike Condon without a rebound.
13:12 of 1st period - Artem Anisimov wins face-off versus Jonathan Matsumoto in Gangsters zone.
13:17 of 1st period - Wrist shot by Jonathan Matsumoto.
13:17 of 1st period - Stopped by Mike Condon with a rebound.
13:46 of 1st period - Snap shot by Pasi Salonen.
13:46 of 1st period - Stopped by Mike Condon without a rebound.
13:47 of 1st period - Cédric Lalonde-McNicoll wins face-off versus Artem Anisimov in Gangsters zone.
14:19 of 1st period - Snap shot by Rico Fata.
14:19 of 1st period - Stopped by Mike Condon without a rebound.
14:20 of 1st period - Maxime Sauvé wins face-off versus Petr Straka in Gangsters zone.
14:20 of 1st period - Maxime Sauvé is hit by Daniel Paille.
14:36 of 1st period - Wrist shot by Jonathan Matsumoto.
14:36 of 1st period - Shot Misses the Net.
15:25 of 1st period - Icing by Ty Wishart.
15:26 of 1st period - Artem Anisimov wins face-off versus Dale Weise in Remparts zone.
15:35 of 1st period - Snap shot by Artem Anisimov.
15:35 of 1st period - Stopped by Keith Kinkaid with a rebound.
16:26 of 1st period - Janne Niskala is hit by Michael Sdao.
17:01 of 1st period - Snap shot by Ben Holmstrom.
17:01 of 1st period - Shot Misses the Net.
17:13 of 1st period - Wrist shot by Pasi Salonen.
17:13 of 1st period - Stopped by Mike Condon with a rebound.
17:27 of 1st period - Snap shot by Pasi Salonen.
17:27 of 1st period - Stopped by Mike Condon without a rebound.
17:28 of 1st period - Artem Anisimov wins face-off versus Jonathan Matsumoto in Gangsters zone.
17:37 of 1st period - Wrist shot by Richard Panik.
17:37 of 1st period - Stopped by Keith Kinkaid with a rebound.
18:00 of 1st period - Snap shot by Jonathan Cheechoo.
18:00 of 1st period - Shot Blocked by Colten Teubert.
18:12 of 1st period - Slapshot by Colten Teubert.
18:12 of 1st period - Stopped by Keith Kinkaid with a rebound.
19:30 of 1st period - Wrist shot by Nick Foligno.
19:30 of 1st period - Stopped by Keith Kinkaid with a rebound.
19:32 of 1st period - Backhand shot by Artem Anisimov.
19:32 of 1st period - Stopped by Keith Kinkaid without a rebound.
19:33 of 1st period - Max Reinhart wins face-off versus Maxime Sauvé in Remparts zone.
Goals for this period are 0 for Remparts vs 0 for Gangsters.
Shots for this period are 7 for Remparts vs 12 for Gangsters.
2nd period
0:01 of 2nd period - Jonathan Matsumoto wins face-off versus Artem Anisimov in neutral zone.
1:13 of 2nd period - Wrist shot by Curtis McKenzie.
1:13 of 2nd period - Deflect By Stefan Noesen.
1:13 of 2nd period - Shot Blocked by William Colbert.
1:13 of 2nd period - Puck is out of play.
1:14 of 2nd period - Ben Holmstrom wins face-off versus Jarod Palmer in Remparts zone.
1:17 of 2nd period - Snap shot by Ben Holmstrom.
1:17 of 2nd period - Stopped by Keith Kinkaid without a rebound.
1:18 of 2nd period - Jonathan Matsumoto wins face-off versus Maxime Sauvé in Remparts zone.
1:18 of 2nd period - Jonathan Matsumoto is hit by Dave Dziurzynski.
1:21 of 2nd period - Icing by Daniel Paille.
1:22 of 2nd period - Maxime Sauvé wins face-off versus Jonathan Matsumoto in Remparts zone.
1:31 of 2nd period - Wrist shot by Dave Dziurzynski.
1:31 of 2nd period - Shot Misses the Net.
1:49 of 2nd period - Slapshot by Jonathan Cheechoo.
1:49 of 2nd period - Deflect By Maxime Sauvé.
1:49 of 2nd period - Stopped by Mike Condon without a rebound.
1:50 of 2nd period - Nick Foligno wins face-off versus Max Reinhart in Gangsters zone.
1:52 of 2nd period - Icing by Colten Teubert.
1:53 of 2nd period - Max Reinhart wins face-off versus Richard Panik in Gangsters zone.
1:54 of 2nd period - Wrist shot by Rico Fata.
1:54 of 2nd period - Stopped by Mike Condon without a rebound.
1:55 of 2nd period - Artem Anisimov wins face-off versus Jonathan Matsumoto in Gangsters zone.
2:22 of 2nd period - Snap shot by Devante Smith-Pelly.
2:22 of 2nd period - Shot Misses the Net.
2:24 of 2nd period - Slapshot by Shaun Heska.
2:24 of 2nd period - Deflect By Maxime Sauvé.
2:24 of 2nd period - Shot Blocked by Cédric Lalonde-McNicoll.
2:24 of 2nd period - Puck is out of play.
2:25 of 2nd period - Jonathan Matsumoto wins face-off versus Maxime Sauvé in Remparts zone.
3:01 of 2nd period - Snap shot by Nick Foligno.
3:01 of 2nd period - Stopped by Keith Kinkaid with a rebound.
3:07 of 2nd period - Minor Penalty to Pasi Salonen for Hooking.
3:08 of 2nd period - Cédric Lalonde-McNicoll wins face-off versus Artem Anisimov in Remparts zone.
3:41 of 2nd period - Wrist shot by Dave Dziurzynski.
3:41 of 2nd period - Stopped by Keith Kinkaid without a rebound.
3:42 of 2nd period - Cédric Lalonde-McNicoll wins face-off versus Artem Anisimov in Remparts zone.
3:42 of 2nd period - Cédric Lalonde-McNicoll is hit by Richard Panik.
5:07 of 2nd period - Penalty to Pasi Salonen is over, Pasi Salonen is back on ice.
5:29 of 2nd period - Slapshot by Phil McRae.
5:29 of 2nd period - Deflect By Phillip Danault.
5:29 of 2nd period - Stopped by Keith Kinkaid with a rebound.
6:11 of 2nd period - Dougie Hamilton is hit by Guillaume Desbiens and loses puck.
6:43 of 2nd period - Slapshot by Janne Niskala.
6:43 of 2nd period - Shot Misses the Net.
7:14 of 2nd period - Matt Delahey is hit by Daniel Paille and loses puck.
7:27 of 2nd period - Janne Niskala is hit by Phillip Danault and loses puck.
7:56 of 2nd period - Snap shot by Jarod Palmer.
7:56 of 2nd period - Shot Blocked by Nick Foligno.
8:22 of 2nd period - Wrist shot by Rico Fata.
8:22 of 2nd period - Deflect By Jonathan Cheechoo.
8:22 of 2nd period - Stopped by Mike Condon without a rebound.
8:23 of 2nd period - Maxime Sauvé wins face-off versus Cédric Lalonde-McNicoll in Gangsters zone.
9:20 of 2nd period - Snap shot by Ben Holmstrom.
9:20 of 2nd period - Stopped by Keith Kinkaid without a rebound.
9:21 of 2nd period - Maxime Sauvé wins face-off versus Jonathan Matsumoto in Remparts zone.
9:35 of 2nd period - Icing by Devante Smith-Pelly.
9:36 of 2nd period - Cédric Lalonde-McNicoll wins face-off versus Maxime Sauvé in Gangsters zone.
9:37 of 2nd period - Snap shot by Guillaume Desbiens.
9:37 of 2nd period - Stopped by Mike Condon without a rebound.
9:38 of 2nd period - Artem Anisimov wins face-off versus Cédric Lalonde-McNicoll in Gangsters zone.
9:38 of 2nd period - Artem Anisimov is hit by Pasi Salonen.
9:50 of 2nd period - Snap shot by Guillaume Desbiens.
9:50 of 2nd period - Shot Misses the Net.
10:09 of 2nd period - Wrist shot by Devante Smith-Pelly.
10:09 of 2nd period - Stopped by Keith Kinkaid with a rebound.
10:49 of 2nd period - Michael Sdao is hit by Cédric Lalonde-McNicoll and loses puck.
11:32 of 2nd period - Snap shot by Daniel Paille.
11:32 of 2nd period - Shot Blocked by Maxime Sauvé.
11:43 of 2nd period - Icing by Ben Holmstrom.
11:44 of 2nd period - Ben Holmstrom wins face-off versus Max Reinhart in Gangsters zone.
12:16 of 2nd period - Keith Ballard is hit by Michael Sdao and loses puck.
12:35 of 2nd period - Wrist shot by Ben Holmstrom.
12:35 of 2nd period - Stopped by Keith Kinkaid without a rebound.
12:36 of 2nd period - Jonathan Matsumoto wins face-off versus Artem Anisimov in Remparts zone.
13:01 of 2nd period - Shaun Heska is hit by Pasi Salonen and loses puck.
13:08 of 2nd period - Snap shot by Dave Dziurzynski.
13:08 of 2nd period - Shot Blocked by Guillaume Desbiens.
13:10 of 2nd period - Slapshot by Dougie Hamilton.
13:10 of 2nd period - Shot Misses the Net.
14:02 of 2nd period - Wrist shot by Guillaume Desbiens.
14:02 of 2nd period - Deflect By Pasi Salonen.
14:02 of 2nd period - Goal by Pasi Salonen - Remparts : 1 - Gangsters : 0.
14:03 of 2nd period - Artem Anisimov wins face-off versus Jonathan Matsumoto in neutral zone.
14:14 of 2nd period - Slapshot by Keith Ballard.
14:14 of 2nd period - Shot Blocked by Richard Panik.
14:16 of 2nd period - Wrist shot by Keith Ballard.
14:16 of 2nd period - Stopped by Mike Condon with a rebound.
14:28 of 2nd period - Keith Ballard is hit by Dave Dziurzynski.
14:29 of 2nd period - Icing by Keith Ballard.
14:30 of 2nd period - Maxime Sauvé wins face-off versus Cédric Lalonde-McNicoll in Remparts zone.
14:50 of 2nd period - Dave Dziurzynski is hit by Keith Ballard and loses puck.
15:04 of 2nd period - Snap shot by Maxime Sauvé.
15:04 of 2nd period - Goal by Maxime Sauvé - Remparts : 1 - Gangsters : 1.
15:05 of 2nd period - Artem Anisimov wins face-off versus Jonathan Matsumoto in neutral zone.
15:16 of 2nd period - Slapshot by Nick Foligno.
15:16 of 2nd period - Shot Blocked by Brandon Gormley.
15:35 of 2nd period - Snap shot by Guillaume Desbiens.
15:35 of 2nd period - Goal by Guillaume Desbiens - Remparts : 2 - Gangsters : 1.
15:36 of 2nd period - Jonathan Matsumoto wins face-off versus Artem Anisimov in neutral zone.
17:44 of 2nd period - Wrist shot by Jonathan Cheechoo.
17:44 of 2nd period - Shot Blocked by Stefan Noesen.
17:46 of 2nd period - Snap shot by Max Reinhart.
17:46 of 2nd period - Deflect By Rico Fata.
17:46 of 2nd period - Stopped by Mike Condon with a rebound.
17:48 of 2nd period - Slapshot by Janne Niskala.
17:48 of 2nd period - Shot Misses the Net.
17:50 of 2nd period - Snap shot by Jonathan Cheechoo.
17:50 of 2nd period - Shot Misses the Net.
17:52 of 2nd period - Slapshot by Janne Niskala.
17:52 of 2nd period - Shot Blocked by Patrik Nemeth.
18:28 of 2nd period - Slapshot by Daniel Paille.
18:28 of 2nd period - Stopped by Mike Condon without a rebound.
18:29 of 2nd period - Artem Anisimov wins face-off versus Jonathan Matsumoto in Gangsters zone.
19:01 of 2nd period - Guillaume Desbiens is hit by Michael Sdao and loses puck.
19:08 of 2nd period - Devante Smith-Pelly is hit by Guillaume Desbiens and loses puck.
19:26 of 2nd period - Minor Penalty to Dave Dziurzynski for Hooking.
19:27 of 2nd period - Artem Anisimov wins face-off versus Jonathan Matsumoto in Gangsters zone.
19:59 of 2nd period - Snap shot by Keith Ballard.
19:59 of 2nd period - Shot Blocked by Colten Teubert.
Goals for this period are 2 for Remparts vs 1 for Gangsters.
Shots for this period are 9 for Remparts vs 8 for Gangsters.
3rd period
0:01 of 3rd period - Artem Anisimov wins face-off versus Jonathan Matsumoto in neutral zone.
0:14 of 3rd period - Snap shot by Nick Foligno.
0:14 of 3rd period - Stopped by Keith Kinkaid with a rebound.
1:26 of 3rd period - Penalty to Dave Dziurzynski is over, Dave Dziurzynski is back on ice.
1:33 of 3rd period - Snap shot by Shaun Heska.
1:33 of 3rd period - Stopped by Keith Kinkaid without a rebound.
1:34 of 3rd period - Phil McRae wins face-off versus Max Reinhart in Remparts zone.
1:35 of 3rd period - Snap shot by Phillip Danault.
1:35 of 3rd period - Deflect By Phil McRae.
1:35 of 3rd period - Stopped by Keith Kinkaid without a rebound.
1:36 of 3rd period - Phil McRae wins face-off versus Max Reinhart in Remparts zone.
1:37 of 3rd period - Snap shot by Phillip Danault.
1:37 of 3rd period - Stopped by Keith Kinkaid without a rebound.
1:38 of 3rd period - Phil McRae wins face-off versus Jonathan Matsumoto in Remparts zone.
1:41 of 3rd period - Snap shot by Phillip Danault.
1:41 of 3rd period - Shot Misses the Net.
2:13 of 3rd period - Wrist shot by Nick Foligno.
2:13 of 3rd period - Shot Misses the Net.
3:37 of 3rd period - Off-side.
3:38 of 3rd period - Maxime Sauvé wins face-off versus Jonathan Matsumoto in neutral zone.
3:45 of 3rd period - Slapshot by Dave Dziurzynski.
3:45 of 3rd period - Stopped by Keith Kinkaid with a rebound.
3:47 of 3rd period - Slapshot by Shaun Heska.
3:47 of 3rd period - Stopped by Keith Kinkaid without a rebound.
3:48 of 3rd period - Maxime Sauvé wins face-off versus Jonathan Matsumoto in Remparts zone.
4:03 of 3rd period - Snap shot by Jonathan Matsumoto.
4:03 of 3rd period - Goal by Jonathan Matsumoto - Remparts : 3 - Gangsters : 1.
4:04 of 3rd period - Artem Anisimov wins face-off versus Jonathan Matsumoto in neutral zone.
4:09 of 3rd period - Slapshot by Richard Panik.
4:09 of 3rd period - Stopped by Keith Kinkaid without a rebound.
4:10 of 3rd period - Jonathan Matsumoto wins face-off versus Artem Anisimov in Remparts zone.
4:21 of 3rd period - Snap shot by Artem Anisimov.
4:21 of 3rd period - Goal by Artem Anisimov - Remparts : 3 - Gangsters : 2.
4:22 of 3rd period - Artem Anisimov wins face-off versus Jonathan Matsumoto in neutral zone.
4:44 of 3rd period - Minor Penalty to Colten Teubert for Hooking.
4:45 of 3rd period - Artem Anisimov wins face-off versus Jonathan Matsumoto in Gangsters zone.
5:24 of 3rd period - Maxime Sauvé is hit by Guillaume Desbiens and loses puck.
5:41 of 3rd period - Petr Straka is hit by Artem Anisimov and loses puck.
6:42 of 3rd period - Dave Dziurzynski is hit by Pasi Salonen and loses puck.
6:44 of 3rd period - Penalty to Colten Teubert is over, Colten Teubert is back on ice.
7:03 of 3rd period - Slapshot by Dougie Hamilton.
7:03 of 3rd period - Shot Misses the Net.
7:05 of 3rd period - Wrist shot by Phillip Danault.
7:05 of 3rd period - Deflect By Ivan Vishnevski.
7:05 of 3rd period - Stopped by Keith Kinkaid with a rebound.
8:24 of 3rd period - Colten Teubert is hit by Guillaume Desbiens and loses puck.
8:25 of 3rd period - Colten Teubert from Gangsters is injured at 8:25 of 3rd period (Right Forearm).
8:26 of 3rd period - Artem Anisimov wins face-off versus Jonathan Matsumoto in Gangsters zone.
8:56 of 3rd period - Wrist shot by Cédric Lalonde-McNicoll.
8:56 of 3rd period - Shot Blocked by Shaun Heska.
8:58 of 3rd period - Snap shot by Cédric Lalonde-McNicoll.
8:58 of 3rd period - Shot Blocked by Dave Dziurzynski.
9:00 of 3rd period - Wrist shot by Cédric Lalonde-McNicoll.
9:00 of 3rd period - Shot Blocked by Devante Smith-Pelly.
9:07 of 3rd period - Icing by Devante Smith-Pelly.
9:08 of 3rd period - Max Reinhart wins face-off versus Maxime Sauvé in Gangsters zone.
9:35 of 3rd period - Artem Anisimov is hit by Guillaume Desbiens and loses puck.
9:52 of 3rd period - Wrist shot by Jonathan Cheechoo.
9:52 of 3rd period - Shot Misses the Net.
9:54 of 3rd period - Slapshot by Ty Wishart.
9:54 of 3rd period - Deflect By Matt Delahey.
9:54 of 3rd period - Stopped by Mike Condon with a rebound.
9:56 of 3rd period - Slapshot by Jonathan Cheechoo.
9:56 of 3rd period - Shot Misses the Net.
9:58 of 3rd period - Wrist shot by Rico Fata.
9:58 of 3rd period - Shot Misses the Net.
10:00 of 3rd period - Snap shot by Rico Fata.
10:00 of 3rd period - Stopped by Mike Condon without a rebound.
10:01 of 3rd period - Jonathan Matsumoto wins face-off versus Artem Anisimov in Gangsters zone.
10:05 of 3rd period - Minor Penalty to Artem Anisimov for Hooking.
10:06 of 3rd period - Jonathan Matsumoto wins face-off versus Curtis McKenzie in Gangsters zone.
10:11 of 3rd period - Slapshot by Keith Ballard.
10:11 of 3rd period - Shot Blocked by Shaun Heska.
10:13 of 3rd period - Snap shot by Jonathan Matsumoto.
10:13 of 3rd period - Shot Misses the Net.
10:15 of 3rd period - Snap shot by Daniel Paille.
10:15 of 3rd period - Goal by Daniel Paille - Remparts : 4 - Gangsters : 2.
10:16 of 3rd period - Artem Anisimov wins face-off versus Jonathan Matsumoto in neutral zone.
10:27 of 3rd period - Snap shot by Jonathan Matsumoto.
10:27 of 3rd period - Stopped by Mike Condon without a rebound.
10:28 of 3rd period - Jonathan Matsumoto wins face-off versus Artem Anisimov in Gangsters zone.
10:38 of 3rd period - Icing by Richard Panik.
10:39 of 3rd period - Artem Anisimov wins face-off versus Petr Straka in Gangsters zone.
10:46 of 3rd period - Wrist shot by Jonathan Matsumoto.
10:46 of 3rd period - Stopped by Mike Condon with a rebound.
10:54 of 3rd period - Slapshot by Jonathan Matsumoto.
10:54 of 3rd period - Stopped by Mike Condon without a rebound.
10:55 of 3rd period - Maxime Sauvé wins face-off versus Cédric Lalonde-McNicoll in Gangsters zone.
11:06 of 3rd period - Cédric Lalonde-McNicoll is hit by Maxime Sauvé and loses puck.
11:23 of 3rd period - Backhand shot by Ben Holmstrom.
11:23 of 3rd period - Stopped by Keith Kinkaid with a rebound.
11:25 of 3rd period - Wrist shot by Curtis McKenzie.
11:25 of 3rd period - Shot Misses the Net.
11:27 of 3rd period - Wrist shot by Michael Sdao.
11:27 of 3rd period - Stopped by Keith Kinkaid with a rebound.
11:31 of 3rd period - Slapshot by Matt Delahey.
11:31 of 3rd period - Stopped by Keith Kinkaid without a rebound.
11:32 of 3rd period - Jonathan Matsumoto wins face-off versus Artem Anisimov in Remparts zone.
11:57 of 3rd period - Petr Straka is hit by Curtis McKenzie and loses puck.
12:10 of 3rd period - Jonathan Matsumoto is hit by Ben Holmstrom and loses puck.
12:21 of 3rd period - Snap shot by Phil McRae.
12:21 of 3rd period - Shot Blocked by William Colbert.
12:23 of 3rd period - Wrist shot by Dougie Hamilton.
12:23 of 3rd period - Shot Blocked by William Colbert.
12:25 of 3rd period - Snap shot by Phil McRae.
12:25 of 3rd period - Stopped by Keith Kinkaid without a rebound.
12:26 of 3rd period - Phil McRae wins face-off versus Guillaume Desbiens in Remparts zone.
12:35 of 3rd period - Slapshot by Dougie Hamilton.
12:35 of 3rd period - Shot Misses the Net.
12:37 of 3rd period - Backhand shot by Phil McRae.
12:37 of 3rd period - Stopped by Keith Kinkaid with a rebound.
12:39 of 3rd period - Wrist shot by Austen Brassard.
12:39 of 3rd period - Stopped by Keith Kinkaid without a rebound.
12:40 of 3rd period - Artem Anisimov wins face-off versus Cédric Lalonde-McNicoll in Remparts zone.
12:41 of 3rd period - Backhand shot by Nick Foligno.
12:41 of 3rd period - Shot Blocked by Brandon Gormley.
12:49 of 3rd period - Wrist shot by Guillaume Desbiens.
12:49 of 3rd period - Stopped by Mike Condon with a rebound.
12:51 of 3rd period - Snap shot by Cédric Lalonde-McNicoll.
12:51 of 3rd period - Stopped by Mike Condon with a rebound.
12:55 of 3rd period - Wrist shot by Pasi Salonen.
12:55 of 3rd period - Shot Blocked by Richard Panik.
13:05 of 3rd period - Max Reinhart is hit by Devante Smith-Pelly and loses puck.
13:36 of 3rd period - Wrist shot by Ben Holmstrom.
13:36 of 3rd period - Shot Blocked by Dale Weise.
13:38 of 3rd period - Snap shot by Curtis McKenzie.
13:38 of 3rd period - Stopped by Keith Kinkaid with a rebound.
13:50 of 3rd period - Wrist shot by Jonathan Matsumoto.
13:50 of 3rd period - Stopped by Mike Condon with a rebound.
13:52 of 3rd period - Slapshot by William Colbert.
13:52 of 3rd period - Deflect By Daniel Paille.
13:52 of 3rd period - Shot Misses the Net.
13:52 of 3rd period - Puck is out of play.
13:53 of 3rd period - Artem Anisimov wins face-off versus Petr Straka in Gangsters zone.
13:53 of 3rd period - Artem Anisimov is hit by Daniel Paille.
14:27 of 3rd period - Wrist shot by Jonathan Matsumoto.
14:27 of 3rd period - Shot Misses the Net.
15:03 of 3rd period - Snap shot by Jonathan Matsumoto.
15:03 of 3rd period - Deflect By Daniel Paille.
15:03 of 3rd period - Shot Misses the Net.
15:03 of 3rd period - Puck is out of play.
15:04 of 3rd period - Ben Holmstrom wins face-off versus Max Reinhart in Gangsters zone.
15:52 of 3rd period - Austen Brassard is hit by Ty Wishart and loses puck.
17:33 of 3rd period - Slapshot by Matt Delahey.
17:33 of 3rd period - Stopped by Keith Kinkaid with a rebound.
17:40 of 3rd period - Icing by Jonathan Matsumoto.
17:41 of 3rd period - Jonathan Matsumoto wins face-off versus Ben Holmstrom in Remparts zone.
18:09 of 3rd period - Wrist shot by William Colbert.
18:09 of 3rd period - Stopped by Mike Condon with a rebound.
18:13 of 3rd period - Wrist shot by Cédric Lalonde-McNicoll.
18:13 of 3rd period - Stopped by Mike Condon with a rebound.
18:40 of 3rd period - Snap shot by Nick Foligno.
18:40 of 3rd period - Stopped by Keith Kinkaid with a rebound.
19:02 of 3rd period - Dougie Hamilton is hit by Ty Wishart and loses puck.
19:24 of 3rd period - Snap shot by Ben Holmstrom.
19:24 of 3rd period - Shot Misses the Net.
19:26 of 3rd period - Wrist shot by Curtis McKenzie.
19:26 of 3rd period - Shot Blocked by Keith Ballard.
Goals for this period are 2 for Remparts vs 1 for Gangsters.
Shots for this period are 12 for Remparts vs 18 for Gangsters.
Back to the Top